 Dungeon Crawl Stone Soup version 0.31.0-32-g396128a36d (webtiles) character file.

Game seed: 13353083286726734458

51 Alphaeus the Changeling (level 3, 0/18 HPs)
             Began as a Spriggan Shapeshifter on Mar 19, 2024.
             Succumbed to an adder's poison
             ... on level 2 of the Dungeon.
             The game lasted 00:01:09 (787 turns).

Alphaeus the Changeling (Spriggan Shapeshifter)      Turns: 787, Time: 00:01:09

Health: 0/18       AC:  2    Str: 12    XL:     3   Next: 58%
Magic:  4/4        EV: 17    Int: 11    God:
Gold:   52         SH:  0    Dex: 14    Spells: 2/2 levels left

rFire   . .          .
                       - Unarmed
rCold   . . .        (no shield)
rNeg    . . .        a - +0 animal skin
rPois   .            (helmet currently unavailable)
rElec   .            (cloak currently unavailable)
rCorr   .            (gloves unavailable)
SInv    +            (boots unavailable)
Will    +....        (no amulet)
Stlth   +            (no ring)
HPRegen 0.23/turn    (no ring)
MPRegen 0.09/turn

%: no passive effects
@: lethally poisoned (0 -> -2), beast-form, enlightened, flying, very quick
A: beast (slay +2), very small, no large weapons, unfitting armour, see
invisible, speed 3
a: Begin Untransformation


You were on level 2 of the Dungeon.
You were a hulking beast.
You visited 1 branch of the dungeon, and saw 2 of its levels.

You collected 52 gold pieces.

Inventory:

Armour
 a - a +0 animal skin (worn)
Talismans
 c - a beast talisman
 d - a flux talisman
Scrolls
 e - 4 scrolls of identify {unknown}
 f - a scroll of acquirement {unknown}
 h - a scroll of enchant armour {unknown}
 i - a scroll of teleportation {unknown}
 j - a scroll of poison {unknown}
Potions
 b - a potion of lignification


   Skills:
 + Level 1.2 Fighting
 + Level 3.2 Dodging
 * Level 2.9 Unarmed Combat
 * Level 4.7 Shapeshifting


You had 2 spell levels left.
You didn't know any spells.
Your spell library contained the following spells:

 Spells                   Type           Power      Damage    Failure   Level
 Inner Flame              Hex/Fire       0%         N/A       71%         3
 Flame Wave               Conj/Fire      0%         2d4       98%         4
 Sticky Flame             Fire/Alch      0%         2d4       98%         4


Dungeon Overview and Level Annotations

Branches:
Dungeon (2/15)

Altars:

Shops:
D:2 *


Innate Abilities, Weirdness & Mutations

You are a hulking beast.
Your limbs bulge with bestial killing power. (Slay +2)
You are very small and have problems with some larger weapons.
You are too small for most types of armour.
You have supernaturally acute eyesight. (SInv)
You cover ground extremely quickly. (Speed+++)


Message History

You closely miss the adder.
You feel sick. The adder completely misses you. The adder misses you.
You barely miss the adder.
You feel sick. The adder closely misses you.
You miss the adder.
You feel sick. The adder barely misses you.
You miss the adder.
You feel sick. The adder bites you.
You are more poisoned.
The adder poisons you!
You are too injured to fight recklessly!
You are too injured to fight recklessly!
You are too injured to fight recklessly!
You are too injured to fight recklessly!
You are too injured to fight recklessly!
An adder is nearby!
An adder is nearby!
You are too injured to fight recklessly!
You closely miss the adder.
You feel sick. The adder barely misses you.
You hit the adder.
The adder is heavily wounded.
You feel sick. The adder closely misses you. x2
You hit the adder.
The adder is severely wounded.
* * * LOW HITPOINT WARNING * * *
You feel sick. The adder bites you.
* * * LOW HITPOINT WARNING * * *
You barely miss the adder.
The adder is severely wounded.
* * * LOW HITPOINT WARNING * * *
You feel sick. The adder barely misses you.
You hit the adder.
The adder is almost dead.
* * * LOW HITPOINT WARNING * * *
You feel sick. The adder misses you.
You hit the adder.
You kill the adder!
* * * LOW HITPOINT WARNING * * *
You feel sick.
It was a potion of enlightenment.
You feel very buoyant.
You fly up into the air.
You die...

#.....# #.....# #.#
#.....# #.# #≈≈...#
#.# #.# #≈∩≈..##
#.# #.# .≈≈≈...#
#.# #)# .###.#.#
#.# #.# .#...#.#
#†# #.#
.#.###.####### #h#
#.# ..............
#.# #######.###
.#.###.######. #.#
...........
.....#.#
#.############.###
...#.#.#
#..#..............#
...#.#.#
#..##############.#
.#.#.#.# #..# #.#
#....#.# #..# ###
...###.# #.(#


There were no monsters in sight!

Vanquished Creatures
  An adder (D:2)
  6 bats
  2 endoplasms
  2 giant cockroaches (D:1)
  A goblin (D:1)
  3 hobgoblins (D:1)
  7 jackals (D:1)
  6 kobolds
  4 ball pythons
  A frilled lizard (D:1)
  5 rats
38 creatures vanquished.

Notes
Turn   | Place    | Note
-------+----------+-------------------------------------------
     0 | D:1      | Alphaeus the Spriggan Shapeshifter began the quest for the
                  | Orb.
     0 | D:1      | Reached XP level 1. HP: 9/9 MP: 2/2
   179 | D:1      | Reached skill level 1 in Fighting
   179 | D:1      | Reached XP level 2. HP: 14/14 MP: 3/3
   402 | D:1      | Reached XP level 3. HP: 18/18 MP: 4/4
   635 | D:2      | Found Reghot's Assorted Antiques.
   787 | D:2      | Succumbed to an adder's poison

Illustrated notes

Levels and vault maps discovered:
D:1:      mrwooster_arrival_statue, layout_basic
D:2:      layout_basic, serial_shops, shop, shop, nicolae_shop_tiny_waterfront,
          shop, nicolae_lakefront_shop

Skill      XL: |  1  2 |
---------------+-------+-----
Fighting       | 1 |  1.2
Dodging        | 3 |  3.2
Unarmed Combat | |  2.9
Shapeshifting  | |  4.7

Action                     || total
---------------------------++-------
  Melee: Unarmed           ||   108
         Punch             ||     4
    Use: Potion            ||     1
   Stab: Sleeping          ||     3
 Armour: Animal skin       ||    25
  Dodge: Dodged            ||    89
